 Dungeon Crawl Stone Soup version 0.29.1-12-g30fa7ad0bf (webtiles) character file.

Game seed: 1411780743711277214

140 hawla the Chiller (level 5, 0/38 HPs)
             Began as a Meteoran Ice Elementalist on Jan 8, 2023.
             Slain by a lemure (6 damage)
             ... led by Pikel
             ... on level 4 of the Dungeon.
             The game lasted 00:04:23 (807 turns).

hawla the Chiller (Meteoran Ice Elementalist)        Turns: 807, Time: 00:04:23

Health: 0/38       AC:  3    Str:  9    XL:     5   Next: 76%
Magic:  2/11       EV: 12    Int: 19    God:
Gold:   115        SH:  0    Dex: 14    Spells: 3/11 levels left

rFire   . . .      SeeInvis .   l - +2 short sword (venom)
rCold   . . .      Faith    .   (no shield)
rNeg    . . .      Spirit   .   a - +1 robe
rPois   .          Reflect  .   (no helmet)
rElec   .          Harm     .   (no cloak)
rCorr   .          Rampage  .   (no gloves)
Will    .....                   (no boots)
Stlth   +.........              (no amulet)
HPRegen 0.12/turn               (no ring)
MPRegen 0.12/turn               (no ring)

@: weak-willed, freezing walls, glowing
A: sense surroundings 1, otherworldly, glowing, explore regen, wild magic 1,
sturdy frame 1
a: no special abilities


You were on level 4 of the Dungeon.
You visited 1 branch of the dungeon, and saw 4 of its levels.

You collected 115 gold pieces.

Inventory:

Hand Weapons
 l - a +2 short sword of venom (weapon)
Armour
 a - a +1 robe (worn)
Jewellery
 j - a ring of ice
Scrolls
 d - a scroll of vulnerability
 e - a scroll of magic mapping
 f - a scroll of identify
Potions
 b - a potion of magic
 g - a potion of heal wounds {unknown}
 h - a potion of lignification {unknown}
 i - 2 potions of resistance {unknown}
 k - 3 potions of brilliance {unknown}
 m - a potion of curing {unknown}


   Skills:
 - Level 2.5 Dodging
 - Level 1.4 Stealth
 - Level 3.7 Spellcasting
 + Level 4.0 Conjurations
 - Level 5.1 Ice Magic


You had 3 spell levels left.
You knew the following spells:

 Your Spells              Type           Power      Damage    Failure   Level
a - Freeze                Ice            100%       1d11      3%          1
b - Frozen Ramparts       Ice            60%        1d10      8%          3
c - Hailstorm             Conj/Ice       27%        3d7       30%         4

Your spell library contained the following spells:

 Spells                   Type           Power      Damage    Failure   Level
 Ozocubu's Armour         Ice            30%        N/A       8%          3


Dungeon Overview and Level Annotations

Branches:
Dungeon (4/15) Zot: 1591
 Temple: D:4-7

Altars:
Kikubaaqudgha
Makhleb

Annotations:
D:4 3 runed translucent doors, Pikel; bnorton916's ghost, amateur DEFE


Innate Abilities, Weirdness & Mutations

You passively map a small area around you.
You are easily found by Zot.
You glow in the dark.
You regain HP and MP as you explore.
Your spells are a little harder to cast, but a little more powerful.
Your movements are slightly less encumbered by armour. (ER -2)


Message History

The walls around you are covered in ice.
The wall freezes something!
The wall freezes the orc.
You kill the orc!
Unknown command.
Casting: Frozen Ramparts (dangerous; 8% risk of failure)
Confirm with . or Enter, or press ? or * to list all spells.
The spell is extremely dangerous to miscast (32% risk of failure)!
Continue anyway?
Casting: Hailstorm (extremely dangerous; 32% risk of failure)
Press: ? - help, Dir - look around, f - activate A cannonade of hail descends around you!
The hail pelts the orc!
You kill the orc!
The hail pelts something!
Reactivating autopickup.
You feel a bit more experienced.
The hail pelts the lemure!
The lemure is heavily wounded.
The iguana bites you.
* * * LOW HITPOINT WARNING * * *
The wall freezes the lemure.
Your Conjurations skill increases to level 4!
Casting: Hailstorm (extremely dangerous; 30% risk of failure)
Confirm with . or Enter, or press ? or * to list all spells.
Aiming: Freeze (safe; 3% risk of failure)
Press: ? - help, Shift-Dir - straight line, f - iguana
Aim: an iguana (weak-willed)
You freeze the iguana.
The iguana is heavily wounded.
The iguana seems to slow down.
The wall freezes the lemure but does no damage.
Casting: Freeze (safe; 3% risk of failure)
Confirm with . or Enter, or press ? or * to list all spells.
Aiming: Freeze (safe; 3% risk of failure)
Press: ? - help, Shift-Dir - straight line, f/p - iguana
Aim: an iguana (heavily wounded, slow, weak-willed)
You freeze the iguana.
The iguana is almost dead.
The iguana seems to slow down.
The iguana bites you.
* * * LOW HITPOINT WARNING * * *
The wall freezes the lemure!
The lemure hits you.
You die...

.............#.*
........#....#.##.##.#.......
........##...#.##.##.#......#
.............#......(#......#
.............#..KSWJ.#.....##
.............###+++###......#
............................####
######...........l..............#
##.........@5))....[........
#...#########K............. #..##
#..5............ # #..#
#..............! # #..###
#.....5......... ## ####....#
##....5......... .###.......#
#.............. .##........##
##............. ##..........## ,
....


You could see Pikel, a lemure (weak-willed), an iguana (slow, weak-willed),
bnorton916's ghost, an endoplasm, a ball python and a kobold.

Vanquished Creatures
  2 orc wizards (D:4)
  3 adders
  2 dart slugs
  11 orcs
  3 ball pythons
  6 endoplasms
  3 giant cockroaches
  2 goblins
  2 hobgoblins
  3 quokkas
  3 bats
  2 frilled lizards (D:1)
  3 kobolds
  2 rats (D:3)
47 creatures vanquished.

Vanquished Creatures (others)
  8 plants
8 creatures vanquished.

Grand Total: 55 creatures vanquished

Notes
Turn   | Place    | Note
-------+----------+-------------------------------------------
     0 | D:1      | hawla the Meteoran Ice Elementalist began the quest for the
                  | Orb.
     0 | D:1      | Reached XP level 1. HP: 14/14 MP: 5/5
   125 | D:1      | Reached XP level 2. HP: 18/20 MP: 1/6
   277 | D:2      | Reached skill level 5 in Ice Magic
   277 | D:2      | Reached XP level 3. HP: 20/26 MP: 2/8
   295 | D:3      | Found a burning altar of Makhleb.
   417 | D:3      | Found an ancient bone altar of Kikubaaqudgha.
   457 | D:4      | Noticed a lemure
   457 | D:4      | Noticed a lemure
   457 | D:4      | Noticed Pikel
   457 | D:4      | Noticed a lemure
   469 | D:3      | Learned a level 3 spell: Frozen Ramparts
   480 | D:3      | Reached XP level 4. HP: 15/33 MP: 7/10
   498 | D:3      | Learned a level 4 spell: Hailstorm
   574 | D:4      | Reached skill level 1 in Conjurations
   650 | D:4      | Reached XP level 5. HP: 30/38 MP: 2/11
   781 | D:4      | Found a runed translucent gate.
   782 | D:4      | Found a runed translucent gate.
   782 | D:4      | Noticed bnorton916's ghost (amateur DEFE)
   783 | D:4      | Found a runed translucent gate.
   794 | D:4      | Noticed a lemure
   798 | D:4      | Gained mutation: Your spells are a little harder to cast,
                  | but a little more powerful. [potion of mutation]
   798 | D:4      | Gained mutation: Your movements are slightly less
                  | encumbered by armour. (ER -2) [potion of mutation]
   807 | D:4      | Slain by a lemure

Illustrated notes

Levels and vault maps discovered:
D:1:      dpeg_arrival_boxes_within_box, layout_basic,
          chequers_serial_rivers_small_3
D:2:      minmay_diamond_boxcup, layout_basic, serial_bayou,
          serial_bayou_lake_a, serial_bayou_crossing, serial_bayou_pond_d,
          serial_bayou_pond_d, serial_bayou_lagoon_a,
          shapermc_ecumenical_altar_totnotflames
D:3:      layout_loops_cross, mainiacjoe_overflow_tiny_flanked,
          kiku_gazebo_pond_becter, nicolae_elyvilon_temple_path
D:4:      layout_layer_cave, nicolae_overflow_crystal_walls,
          overflow_temple_1_default, gammafunk_ghost_split, uniq_pikel

Skill      XL: |  1  2  3  4  5 |
---------------+----------------+-----
Spellcasting   | 3 |  3.7
Ice Magic      | 5 |  5.1
Conjurations   | 2 4 |  4.0
Dodging        | |  2.5
Stealth        | |  1.4

Action                   |  1- 3 |  4- 6 || total
-------------------------+-------+-------++-------
Melee: Unarmed           |     1 |       ||     1
       Short sword       |       |    13 ||    13
 Cast: Freeze            |    43 |    10 ||    53
       Frozen Ramparts   |       |     6 ||     6
       Hailstorm         |       |     2 ||     2
  Use: Scroll            |       |     3 ||     3
       Potion            |       |     1 ||     1
Armor: Robe              |     6 |     4 ||    10
Dodge: Dodged            |    12 |    17 ||    29
